 Dungeon Crawl Stone Soup version 0.22-a0-3-g4fa69d9 (webtiles) character file.

10248 theanonym the Covert (level 11, 0/54 HPs)
             Began as a Spriggan Abyssal Knight on Jan 1, 2018.
             Was a Believer of Lugonu.
             Slain by a yak (6 damage)
             ... on level 2 of the Lair of Beasts.
             The game lasted 00:57:32 (21429 turns).

theanonym the Covert (Spriggan Abyssal Knight)     Turns: 21429, Time: 00:57:33

Health: 0/54       AC:  8    Str:  8    XL:     11   Next: 33%
Magic:  18/18      EV: 26    Int: 14    God:    Lugonu [**....]
Gold:   371        SH:  0    Dex: 17    Spells: 10/10 levels left

rFire    . . .     SeeInvis +   a - +0 rapier
rCold    . . .     Gourm    .   (shield restricted)
rNeg     . . .     Faith    .   c - +0 robe {0}
rPois    .         Spirit   .   g - +2 hat
rElec    .         Reflect  .   B - +1 cloak
rCorr    .         Harm     .   (gloves unavailable)
MR       +....     Rnd*Tele +   (boots unavailable)
Stlth    +++++.....             y - amulet of rage {+Rage}
HPRegen  0.18/turn              D - ring of see invisible {SInv}
MPRegen  0.16/turn              (no ring)

@: very quick
A: very small, unfitting armour, slimy green scales 1, see invisible, herbivore,
speed 3, sense surroundings 1, slow metabolism 2, teleportitis 1, weak 1
a: Depart the Abyss, Bend Space, Renounce Religion, Evoke Berserk Rage


Innate Abilities, Weirdness & Mutations

You are very small and have problems with some larger weapons.
You are too small for most types of armour.
You have supernaturally acute eyesight. (SInv)
You are a herbivore.
You cover ground extremely quickly.
You need consume almost no food.
You are partially covered in slimy green scales. (AC +2)
You passively map a small area around you.
You are occasionally teleported next to monsters.
You are weak. (Str -2)


   Skills:
 + Level 4.5 Fighting
 - Level 9.2 Short Blades
 + Level 10.5 Slings
 - Level 10.0 Dodging
 + Level 11.1 Stealth
 - Level 8.0 Invocations


You had 10 spell levels left.
You didn't know any spells.

Skill      XL: |  1  2  3  4  5  6  7  8  9 10 11 |
---------------+----------------------------------+-----
Stealth        | 1 2 3 4 5 6 7 8 9 10 11 | 11.1
Short Blades   | 3 4 5 7 9 |  9.2
Invocations    | 2 3 4 7 8 |  8.0
Slings         | 7 9 10 | 10.5
Dodging        | 5 9 10 | 10.0
Fighting       | 3 4 |  4.5

Action                   |  1- 3 |  4- 6 |  7- 9 | 10-12 || total
-------------------------+-------+-------+-------+-------++-------
Melee: Short sword       |   184 |   378 |   394 |   283 ||  1239
       Rapier            |       |       |       |    70 ||    70
 Fire: Hunting sling     |       |    44 |   507 |   315 ||   866
Invok: Depart the Abyss  |     1 |       |       |       ||     1
       Banish            |       |       |    22 |     8 ||    30
       Bend Space        |       |       |     1 |     3 ||     4
Evoke: Wand              |       |       |       |     3 ||     3
  Use: Scroll            |     7 |     1 |    13 |     3 ||    24
       Potion            |       |     3 |     1 |     2 ||     6
 Stab: Sleeping          |     3 |     6 |     7 |    11 ||    27
       Distracted        |     1 |     2 |     1 |     1 ||     5
  Eat: Ration            |       |     2 |     8 |     4 ||    14
Armor: Robe              |    21 |    36 |    45 |    33 ||   135
       Skin              |       |    66 |       |       ||    66
Dodge: Dodged            |   158 |   246 |   365 |   232 ||  1001

Inventory:

Hand Weapons
 a - a +0 rapier (weapon)
   (You found it on level 10 of the Dungeon)
 b - a +0 hunting sling
   (You took it off a goblin on level 4 of the Dungeon)
 C - a +2 short sword of protection
Missiles
 o - 47 sling bullets
 u - 144 stones (quivered)
Armour
 c - a +0 robe (worn) {0}
 g - a +2 hat (worn)
   (You found it on level 1 of the Dungeon)
 l - a +0 cloak
   (You found it on level 3 of the Dungeon)
 B - a +1 cloak (worn)
   (You found it on level 10 of the Dungeon)
Jewellery
 y - an amulet of rage (around neck) {+Rage}
   (You found it on level 8 of the Dungeon)
 D - a ring of see invisible (left hand) {SInv}
   (You found it on level 1 of the Lair of Beasts)
Wands
 z - a wand of random effects (32)
   (You found it on level 10 of the Dungeon)
 A - a wand of scattershot (3)
   (You found it on level 9 of the Dungeon)
Scrolls
 h - a scroll of immolation
 j - a scroll of fear
 k - 4 scrolls of remove curse
 m - 2 scrolls of enchant weapon
 n - 3 scrolls of amnesia
 t - 2 scrolls of teleportation {!r}
Potions
 d - 3 potions of magic
 f - 2 potions of lignification
 i - 3 potions of agility
 p - 2 potions of resistance {rF+ rC+}
 q - 3 potions of heal wounds
 s - 4 potions of cancellation
 v - 2 potions of haste
 w - 4 potions of curing
 x - 2 potions of brilliance
 E - 3 potions of flight
 F - a potion of might
Comestibles
 e - 2 rations


You were on level 2 of the Lair of Beasts.
You worshipped Lugonu.
Lugonu was pleased with you.
You were not hungry.

You visited 2 branches of the dungeon, and saw 12 of its levels.
You visited the Abyss 1 time.

You collected 774 gold pieces.
You spent 403 gold pieces at shops.

Dungeon Overview and Level Annotations

Branches:
Dungeon (10/15)            Temple (0/1) D:6            Lair (2/6) D:10
  Swamp: Lair:2-4    Shoals: Lair:2-4     Snake: Lair:2-4    Spider: Lair:2-4
    Orc: D:9-12

Altars:
Elyvilon
Fedhas
Kikubaaqudgha
Okawaru
Ru
Wu Jian
Yredelemnul

Shops:
D:4 [   D:5 !   D:8 [

Annotations:
Lair:1 exclusion: electric eel
Abyss:1 Eustachio, Harold, Pikel

...# #..##.......###
##.... ..###
#..###........##
#.... ..#.###..P
#........P# #....
.........###........#
#....
....................#
#....
....................#
#....
...................##
#....
.........##........#
#.... P...###..
###...@#.# ##...
#....#.. #..YYY##
#... ......
.....$.S## #...
...... ........# #...
........# #... ,, ,
........# ##.. * *
##......# ##.
##.....# #. ##


You could see 3 yaks and a water moccasin.

Notes
Turn   | Place    | Note
-------+----------+-------------------------------------------
     0 | Abyss:1  | theanonym the Spriggan Abyssal Knight began the quest for the Orb.
     0 | Abyss:1  | Reached XP level 1. HP: 11/11 MP: 3/3
    30 | Abyss:1  | Found a corrupted altar of Lugonu.
   192 | Abyss:1  | Noticed a large abomination
   195 | Abyss:1  | Noticed a lorocyproca
   203 | D:1      | Escaped the Abyss
   222 | D:1      | HP: 5/11 [dart slug (3)]
   223 | D:1      | Reached * piety under Lugonu
   223 | D:1      | Reached skill level 1 in Stealth
   618 | D:1      | Reached XP level 2. HP: 16/16 MP: 4/4
   625 | D:1      | Reached skill level 2 in Stealth
   684 | D:1      | Reached skill level 3 in Short Blades
   860 | D:1      | HP: 8/16 [hobgoblin (2)]
   868 | D:1      | Reached XP level 3. HP: 10/19 MP: 5/5
  1069 | D:1      | Reached skill level 2 in Invocations
  1506 | D:2      | Reached skill level 3 in Stealth
  1645 | D:2      | HP: 7/19 [worm (5)]
  2064 | D:2      | Reached ** piety under Lugonu
  2064 | D:2      | Reached XP level 4. HP: 13/23 MP: 6/6
  2729 | D:2      | HP: 10/23 [leopard gecko (5)]
  2979 | D:2      | Reached skill level 4 in Short Blades
  3184 | D:2      | Reached skill level 4 in Stealth
  3346 | D:2      | HP: 9/23 [worm (3)]
  3636 | D:3      | Reached XP level 5. HP: 27/27 MP: 7/7
  3834 | D:3      | Noticed Ijyb
  3986 | D:3      | Killed Ijyb
  4108 | D:3      | Noticed Cenon's ghost (weakling DgTm)
  4113 | D:4      | Noticed Blork the orc
  4141 | D:4      | Killed Blork the orc
  4141 | D:4      | Reached skill level 5 in Stealth
  4141 | D:4      | Reached skill level 3 in Invocations
  4426 | D:4      | Reached XP level 6. HP: 27/32 MP: 9/9
  5031 | D:4      | Reached *** piety under Lugonu
  5112 | D:4      | Reached skill level 5 in Short Blades
  5355 | D:4      | Reached skill level 6 in Stealth
  5632 | D:4      | Reached XP level 7. HP: 35/35 MP: 10/10
  5707 | D:4      | Reached skill level 4 in Invocations
  6080 | D:4      | HP: 17/35 [worker ant (3)]
  6086 | D:4      | HP: 13/35 [worker ant (5)]
  6340 | D:4      | Noticed Pikel
  6548 | D:4      | Banished Pikel
  6548 | D:4      | Reached skill level 6 in Short Blades
  6548 | D:4      | Reached skill level 7 in Stealth
  6629 | D:4      | Found Zute's Armour Emporium.
  6815 | D:4      | HP: 16/35 [hobgoblin/sling bullet (2)]
  6821 | D:4      | HP: 14/35 [poisoned by a worker ant]
  6827 | D:4      | HP: 12/35 [poisoned by a worker ant]
  6835 | D:4      | HP: 11/35 [poisoned by a worker ant]
  6841 | D:4      | HP: 10/35 [poisoned by a worker ant]
  6847 | D:4      | HP: 9/35 [poisoned by a worker ant]
  6855 | D:3      | HP: 8/35 [poisoned by a worker ant]
  7013 | D:3      | Banished Cenon's ghost
  7812 | D:5      | Entered Level 5 of the Dungeon
  7901 | D:5      | Reached skill level 7 in Short Blades
  8039 | D:5      | Noticed Eustachio
  8263 | D:5      | Reached XP level 8. HP: 31/39 MP: 12/12
  8329 | D:5      | Found a white marble altar of Elyvilon.
  8354 | D:5      | HP: 18/39 [worker ant (5)]
  8362 | D:5      | HP: 15/39 [poisoned by a worker ant]
  8370 | D:5      | HP: 14/39 [poisoned by a worker ant]
  8376 | D:5      | Found Yrrievont's Distillery.
  8379 | D:5      | HP: 13/39 [poisoned by a worker ant]
  8416 | D:5      | Reached skill level 5 in Invocations
  8445 | D:5      | HP: 19/39 [poisoned by an adder]
  8450 | D:5      | HP: 15/39 [poisoned by an adder]
  8458 | D:5      | HP: 14/39 [poisoned by an adder]
  8466 | D:5      | HP: 13/39 [poisoned by an adder]
  8667 | D:5      | Found a sacrificial altar of Ru.
  8979 | D:5      | Bought a potion of lignification for 39 gold pieces
  8979 | D:5      | Bought 2 potions of heal wounds for 130 gold pieces
  8979 | D:5      | Bought a potion of agility for 52 gold pieces
  9172 | D:5      | Banished Eustachio
  9185 | D:5      | Reached skill level 8 in Short Blades
  9286 | D:5      | Reached skill level 6 in Invocations
  9544 | D:5      | Found an iron altar of Okawaru.
  9616 | D:6      | Found an ornate altar of the Wu Jian Council.
  9631 | D:6      | HP: 19/39 [centaur (8)]
  9637 | D:6      | HP: 11/39 [centaur (4)]
  9700 | D:6      | HP: 16/39 [orc/trident (3)]
  9709 | D:6      | HP: 9/39 [orc wizard/magic dart (7)]
 10288 | D:5      | HP: 16/39 [sky beast (4)]
 10290 | D:5      | HP: 3/39 [sky beast (6)]
 10299 | D:5      | Reached skill level 8 in Stealth
 10585 | D:5      | Reached skill level 9 in Short Blades
 10741 | D:6      | Reached skill level 7 in Invocations
 10741 | D:6      | Reached XP level 9. HP: 43/43 MP: 15/15
 10792 | D:6      | Found a staircase to the Ecumenical Temple.
 10891 | D:6      | Found a basalt altar of Yredelemnul.
 11352 | D:7      | HP: 17/43 [hippogriff (6)]
 11356 | D:7      | Reached skill level 1 in Slings
 11634 | D:7      | Reached skill level 2 in Slings
 11914 | D:7      | Reached skill level 9 in Stealth
 11954 | D:7      | Reached skill level 3 in Slings
 12491 | D:8      | Reached skill level 4 in Slings
 12637 | D:8      | Reached skill level 5 in Slings
 12771 | D:8      | Found Irew's Antique Armour Boutique.
 13074 | D:8      | Reached skill level 4 in Dodging
 13308 | D:8      | Reached skill level 6 in Slings
 13852 | D:5      | Bought a potion of haste for 130 gold pieces
 13852 | D:5      | Bought a potion of agility for 52 gold pieces
 14075 | D:9      | Found a blossoming altar of Fedhas.
 14143 | D:9      | Found an ancient bone altar of Kikubaaqudgha.
 14202 | D:9      | Reached skill level 5 in Dodging
 14277 | D:9      | Reached skill level 7 in Slings
 14848 | D:9      | Reached XP level 10. HP: 47/47 MP: 16/16
 15116 | D:9      | Reached skill level 6 in Dodging
 15267 | D:9      | Reached skill level 8 in Invocations
 15725 | D:9      | Reached skill level 8 in Slings
 15725 | D:9      | Reached skill level 7 in Dodging
 16322 | D:10     | Entered Level 10 of the Dungeon
 16685 | D:10     | Reached skill level 10 in Stealth
 16844 | D:10     | Reached skill level 8 in Dodging
 17040 | D:10     | HP: 16/47 [hornet zombie (10)]
 17210 | D:10     | Noticed a two-headed ogre
 17210 | D:10     | Banished a two-headed ogre
 17210 | D:10     | Reached skill level 9 in Slings
 17318 | D:10     | Reached skill level 9 in Dodging
 17403 | D:10     | Noticed a cyclops
 17405 | D:10     | Banished a cyclops
 17495 | D:10     | HP: 20/47 [gnoll sergeant/spear of freezing (11)]
 17874 | D:10     | Noticed a two-headed ogre
 17875 | D:10     | Banished a two-headed ogre
 17875 | D:10     | Reached skill level 3 in Fighting
 18043 | D:10     | Found a staircase to the Lair.
 18202 | D:10     | Noticed a two-headed ogre
 18211 | D:10     | Banished a two-headed ogre
 18689 | Lair:1   | Entered Level 1 of the Lair of Beasts
 18693 | Lair:1   | Reached XP level 11. HP: 52/52 MP: 18/18
 18755 | Lair:1   | Reached skill level 10 in Dodging
 18904 | Lair:1   | Reached skill level 10 in Slings
 19097 | Lair:1   | HP: 16/53 [yak (18)]
 19105 | Lair:1   | HP: 5/53 [yak (10)]
 19281 | Lair:1   | Reached skill level 4 in Fighting
 19281 | Lair:1   | HP: 23/53 [yak (1)]
 20045 | Lair:1   | HP: 22/53 [porcupine's spines (6)]
 20277 | Lair:1   | Noticed Harold
 20367 | Lair:1   | Banished Harold
 21008 | Lair:2   | Noticed a seven-headed hydra
 21009 | Lair:2   | Banished a seven-headed hydra
 21009 | Lair:2   | Reached skill level 11 in Stealth
 21040 | Lair:2   | Gained mutation: You tend to lose your temper in combat. [potion of mutation]
 21040 | Lair:2   | Gained mutation: Your muscles are strong. (Str +2) [potion of mutation]
 21041 | Lair:2   | Lost mutation: Your muscles are strong. (Str +2) [potion of mutation]
 21041 | Lair:2   | Lost mutation: You tend to lose your temper in combat. [potion of mutation]
 21041 | Lair:2   | Gained mutation: You are occasionally teleported next to monsters. [potion of mutation]
 21041 | Lair:2   | Gained mutation: You are weak. (Str -2) [potion of mutation]
 21041 | Lair:2   | Gained mutation: You are partially covered in slimy green scales. (AC +2) [potion of mutation]
 21041 | Lair:2   | Gained mutation: You passively map a small area around you. [potion of mutation]
 21421 | Lair:2   | HP: 25/54 [yak (4)]
 21428 | Lair:2   | HP: 8/54 [yak (13)]
 21429 | Lair:2   | Slain by a yak

Vanquished Creatures
  A komodo dragon (Lair:1)
  3 hippogriffs
  16 yaks
  2 water moccasins (Lair:1)
  4 porcupines
  A phantom (D:10)
  4 sky beasts
  A slave (D:4)
  2 black bears
  A necrophage (D:10)
  A hornet zombie (D:10)
  2 crocodiles (Lair:1)
  4 centaurs
  2 big kobolds (D:4)
  Blork the orc (D:4)
  4 bullfrogs
  A gnoll sergeant (D:10)
  4 scorpions
  4 wights
  A vampire bat (D:9)
  11 howler monkeys
  2 crimson imps
  A bullfrog zombie (D:6)
  2 quasits
  A centaur zombie (D:5)
  2 hounds (D:10)
  2 jellies (D:9)
  An orc wizard (D:3)
  A bullfrog skeleton (D:5)
  5 iguanas
  Ijyb (D:3)
  7 worker ants
  A hound zombie (D:10)
  A worker ant zombie (D:8)
  20 gnolls
  11 adders
  A shadow imp (D:10)
  2 oozes (D:1)
  An adder zombie (D:9)
  An adder skeleton (D:4)
  2 worms
  15 dart slugs
  7 leopard geckos
  19 orcs
  A bat skeleton (D:9)
  5 bat zombies (D:9)
  9 giant cockroaches
  21 goblins
  32 hobgoblins
  19 jackals
  6 quokkas
  4 ball pythons
  A ball python skeleton (D:5)
  10 bats
  7 frilled lizards
  2 gnoll zombies (D:6)
  9 kobolds
  A leopard gecko skeleton (D:5)
  A quokka zombie (D:8)
  4 rats
308 creatures vanquished.

Vanquished Creatures (others)
  3 two-headed ogres (D:10)
  A cyclops (D:10)
  A hippogriff (Lair:1)
  2 hungry ghosts (D:8)
  An orc warrior (D:10)
  A slave (D:4)
  2 ice beasts
  An ogre (D:5)
  2 centaurs
  A gnoll sergeant (D:7)
  The ghost of Cenon the Changer, a weakling DgTm (D:3)
  2 orc priests (D:9)
  An orc wizard (D:6)
  2 worker ants
  A gnoll (D:4)
  2 goblins (D:4)
  6 fungi (D:10)
  2 plants (D:10)
32 creatures vanquished.

Grand Total: 340 creatures vanquished

Table legend:
 A = Turns spent in this place as a percentage of turns spent in the entire game.
 B = Non-inter-level travel turns spent in this place as a percentage of non-inter-level travel turns spent in the entire game.
 C = Inter-level travel turns spent in this place as a percentage of turns spent in this place.
 D = Turns resting spent in this place as a percentage of non-inter-level travel turns spent in this place.
 E = Turns spent auto-exploring this place as a percentage of non-inter-level travel turns spent in this place.
 F = Non-inter-level travel turns spent in this place divided by the number of levels of this place that you've seen.
                   A       B       C       D       E      F
               +-------+-------+-------+-------+-------+----------------------
         Total | 100.0 | 100.0 |   4.3 |  36.7 |  38.4 | 1577.1
       Dungeon |  86.3 |  85.9 |   4.8 |  39.7 |  34.8 | 1760.2
          Lair |  12.8 |  13.2 |   1.6 |  19.7 |  58.2 | 1348.5
         Abyss |   0.9 |   1.0 |   0.0 |   0.0 |  94.1 | 203.0
               +-------+-------+-------+-------+-------+----------------------
